 Dungeon Crawl Stone Soup version 0.31.0-12-g77e489cdc1 (webtiles) character file.

Game seed: 12972528372925645124

105482 Peloso the Fencer (level 15, -7/157 HPs)
             Began as a Minotaur Fighter on Feb 13, 2024.
             Was the Champion of Okawaru.
             Killed by angry trees
             ... awakened by a spriggan druid
              (9 damage)
             ... on level 1 of the Swamp.
             The game lasted 00:54:22 (32002 turns).

Peloso the Fencer (Minotaur Fighter)               Turns: 32002, Time: 00:54:23

Health: -7/157     AC: 28    Str: 22    XL:     15   Next: 94%
Magic:  12/12      EV:  7    Int:  4    God:    Okawaru [******]
Gold:   3229       SH: 19    Dex: 25    Spells: 14/14 levels left

rFire   + . .        a - +7 double sword (flame)
rCold   + + .        d - +2 kite shield
rNeg    . . .        P - +1 crystal plate armour {rC+}
rPois   +            (helmet restricted)
rElec   .            X - scarf {rC+ rF+}
rCorr   .            q - +2 pair of gloves {infuse}
SInv    .            (no boots)
Will    +....        (no amulet) Stlth
                     J - ring of poison resistance
HPRegen 0.46/turn    t - +6 ring of dexterity
MPRegen 0.13/turn

%: infuse magic (1 MP)
@: studying Axes
A: horns 2, retaliatory headbutt, agile 1, low MP 1, robust 1
a: Renounce Religion, Heroism, Finesse, Duel, Receive Weapon, Receive Armour


You were on level 1 of the Swamp.
You worshipped Okawaru.
Okawaru was exalted by your worship.
You visited 5 branches of the dungeon, and saw 24 of its levels.
You also visited: Ice Cave.

You collected 3768 gold pieces.
You spent 539 gold pieces at shops.

Inventory:

Hand Weapons
 a - a +7 double sword of flaming (weapon)
 b - a +4 scimitar of flaming
Armour
 d - a +2 kite shield (worn)
 q - a +2 pair of gloves of infusion (worn)
 P - a +1 crystal plate armour of cold resistance (worn)
 X - a scarf of resistance (worn)
Jewellery
 i - a ring of see invisible
 j - a ring of fire
 m - the ring "Rilim" {rC++ rCorr}
   (You found it on level 5 of the Dungeon)

   [ring of resist corrosion]

   rC++:      It greatly protects you from cold.
   rCorr:     It protects you from acid and corrosion.
 t - a +6 ring of dexterity (right hand)
 B - a ring of resist corrosion
 J - a ring of poison resistance (left hand)
Talismans
 Q - a granite talisman
Wands
 g - a wand of mindburst (6)
Scrolls
 c - 2 scrolls of fog
 e - 6 scrolls of teleportation
 h - a scroll of enchant weapon
 n - a scroll of enchant armour
 w - 3 scrolls of fear
 R - 3 scrolls of poison
 S - 3 scrolls of immolation
 T - 3 scrolls of revelation
Potions
 f - a potion of mutation
 k - a potion of attraction
 l - 2 potions of might
 v - 3 potions of curing
 z - 5 potions of berserk rage
 E - a potion of enlightenment
 L - 5 potions of invisibility
 U - 8 potions of haste
 W - a potion of heal wounds {unknown}
 Y - 2 potions of magic


   Skills:
 + Level 15.7 Fighting
 + Level 18.8 Long Blades
 + Level 16.1 Armour
 + Level 4.5 Dodging
 + Level 2.4 Stealth
 + Level 18.1 Shields
 + Level 0.4 Invocations
 + Level 1.1 Evocations


You had 14 spell levels left.
You didn't know any spells.
Your spell library contained the following spells:

 Spells                   Type           Power      Damage    Failure   Level
 Necrotise                Necr           0%         1d4       100%        1
 Shock                    Conj/Air       0%         1d3       100%        1
 Lesser Beckoning         Tloc           0%         N/A       100%        2
 Mercury Vapours          Alch/Air       0%         N/A       100%        2
 Gell's Gravitas          Tloc           0%         N/A       100%        3
 Mephitic Cloud           Conj/Alch/Air  0%         N/A       100%        3
 Swiftness                Air            0%         N/A       100%        3
 Teleport Other           Tloc           0%         N/A       100%        3
 Vampiric Draining        Necr           0%         2d6       100%        3
 Airstrike                Air            0%         2d(0-16)  100%        4
 Cause Fear               Hex            0%         N/A       100%        4
 Passage of Golubria      Tloc           0%         N/A       100%        4
 Curse of Agony           Necr           0%         N/A       100%        5
 Fireball                 Conj/Fire      0%         3d3       100%        5
 Freezing Cloud           Conj/Ice/Air   0%         6-21      100%        5
 Yara's Violent Unravell  Hex/Alch       0%         3d3       100%        5
 Dispersal                Tloc           0%         N/A       100%        6
 Polar Vortex             Ice            0%         N/A       100%        9
 Tukima's Dance           Hex            Unusable   N/A       N/A         3
 Martyr's Knell           Necr/Summ      Unusable   N/A       N/A         4
 Summon Forest            Summ/Tloc      Unusable   N/A       N/A         5
 Dragon's Call            Summ           Unusable   N/A       N/A         9

Dungeon Overview and Level Annotations

Branches:
Dungeon (15/15)            Temple (1/1) D:6            Lair (5/5) D:8
  Swamp (1/4) Lair:3       Spider (0/4) Lair:2        Slime (0/5) Lair:4
    Orc (2/2) D:12            Elf (0/3) Orc:2        Vaults (0/5) D:14
 Depths (0/4) D:15          IceCv (visited)

Altars:
Ashenzari
Cheibriados
Dithmenos
Elyvilon
Fedhas
Gozag
Hepliaklqana
Kikubaaqudgha
Makhleb
Nemelex Xobeh
Okawaru
Qazlal
Ru
Sif Muna
Trog
Uskayaw
Wu Jian
Xom
Yredelemnul
Zin
The Shining One

Shops:
D:13 (   Orc:2 =*[(:

Annotations:
Lair:5 Casa


Innate Abilities, Weirdness & Mutations

You have a pair of horns on your head.
You reflexively headbutt those who attack you in melee.
You are agile. (Dex +4, Str/Int -1)
Your magical capacity is low. (-10% MP)
You are robust. (+10% HP)


Message History

You carve the swamp worm like a ham!!! You burn the swamp worm.
You kill the swamp worm!
Okawaru accepts your kill.
You are hit by a branch!
The ghoul splashes around in the water.
You block the ghoul's attack. You block the necrophage's attack.
Unknown command.
A tyrant leech comes into view.
You are hit by a branch!
You block the ghoul's attack. x2
The ghoul attacks as it pursues you! You block the ghoul's attack.
The ghoul claws you!!
* * * LOW HITPOINT WARNING * * *
The bog body touches you but does no damage.
The ghoul claws you!
* * * LOW HITPOINT WARNING * * *
The ghoul splashes around in the water.
The spriggan druid calls out to the beasts of the wild!
The bog body touches you but does no damage.
You see here a swamp worm corpse.
As you read the scroll of fear, it crumbles to dust.
You assume a fearsome visage.
The bog body is unaffected.
The spriggan druid easily resists.
The ghoul is unaffected.
The necrophage is unaffected.
The ghoul is unaffected.
The tyrant leech looks frightened!
You are hit by a branch!
* * * LOW HITPOINT WARNING * * *
You block the ghoul's attack.
The ghoul splashes around in the water.
The ghoul barely misses you. The ghoul claws you!
* * * LOW HITPOINT WARNING * * *
You block the bog body's attack.
You are hit by a branch!
* * * LOW HITPOINT WARNING * * *
The necrophage attacks as it pursues you!
You block the necrophage's attack.
A swamp worm comes into view.
Okay, then.
It was a potion of magic.
Magic courses through your body. You block the necrophage's attack.
It was a potion of cancellation.
You feel magically purged. Tree limbs sway around you.
You are hit by a branch!
You die...

..♣♣♣.....~♣ ##'##.~♣♣
..~♣~.~~~..♣♣ ##...##~≈♣
~§~...~~~..~♣ #.....#~§♣
.~~~..~~~~..♣ #)....#♣~♣
♣~....~~~<..♣♣♣##...##~♣♣
♣..~~~§..~...~.#####.~.♣
♣§.~~...~.....~~~~~=~.♣♣
♣♣..~~~~..w♣♣♣♣♣♣~.~~♣♣~~..
♣♣♣♣.~~~~†♣@♣♣♣♣ ♣♣♣♣♣♣♣.~~~
♣♣~~~.~~~~nn♣♣♣~♣♣♣♣~♣♣♣~§~~~
♣..~~..~~~~n♣♣♣~~~~~....§~~~n
♣.......~~~i~~.~.~§#..♣.~~~~~
♣~....>~..~~~~~.....~~.[~~~~.
♣♣~......~~~§~~~~~....~~n~....
♣§.....~..~~.~~~~~...=...4...~
♣♣.....♣♣.....~~........~..~~~
♣♣~♣♣♣♣~...♣~...~~..~~~~~~§~~


You could see a ghoul, a spriggan druid, a bog body, a swamp worm and a
necrophage.

Vanquished Creatures
  Mlioglotl (Swamp:1)
  A tentacled monstrosity (Swamp:1)
  An orc warlord (Orc:1)
  The ghost of Tomate the Slicer, a journeyman TeHu of Uskayaw (Lair:3)
  The ghost of ripuliukko the Eclecticist, a journeyman GrEE of Vehumet (Orc:2)
  Nessos (D:12)
  An eleionoma (Lair:3)
  Josephine (Lair:3)
  An ettin (D:15)
  Fannar (D:11)
  An ice dragon (Lair:5)
  2 ironbound frosthearts (IceCv)
  2 hydras
  4 centaur warriors
  An alligator (Swamp:1)
  A death knight (D:14)
  3 boulder beetles
  7 death yaks
  6 two-headed ogres
  4 orc high priests
  4 tengu warriors
  Sonja (Lair:4)
  A goliath frog (Swamp:1)
  A deep troll (D:15)
  A spriggan druid (Swamp:1)
  An arcanist (D:14)
  A swamp dragon (Lair:5)
  3 orc knights (Orc:2)
  A necromancer (D:15)
  5 lindwurms
  A phantasmal warrior (D:14)
  6 ugly things
  A will-o-the-wisp (Swamp:1)
  5 deep elf pyromancers
  A wolf spider (Lair:5)
  3 orc sorcerers
  5 manticores
  9 elephants
  5 cyclopes
  10 black mambas
  2 kobold blastminers (Orc:2)
  A guardian serpent (Lair:5)
  Joseph (D:7)
  An ice statue (IceCv)
  A gargoyle (D:12)
  2 efreet
  Maggie (Lair:2)
  A freezing wraith (D:14)
  9 rime drakes
  18 cane toads
  Jeremiah (D:7)
  12 komodo dragons
  A yaktaur (D:15)
  2 tengu conjurers (D:15)
  8 trolls
  18 polar bears
  4 hornets
  14 blink frogs
  12 dream sheep
  3 slime creatures (D:12)
  A centaur simulacrum (D:15)
  A shadow (D:11)
  2 spriggans (Swamp:1)
  12 wyverns
  40 yaks
  A vampire (D:13)
  5 wraiths
  A death yak simulacrum (Lair:3)
  Grum (D:11)
  2 wargs (Orc:1)
  4 vampire mosquitoes
  2 redbacks (Lair:5)
  5 steam dragons
  3 swamp worms (Swamp:1)
  5 acid dragons
  28 water moccasins
  3 hydra simulacra (Lair:3)
  3 swamp drakes (Lair:5)
  A sky beast (D:7)
  A sky beast (shapeshifter) (D:15)
  2 ice beasts
  3 black bears
  31 orc warriors
  3 laughing skulls (D:13)
  11 centaurs
  7 ogres
  26 wolves
  2 kobold brigands
  13 bullfrogs
  4 gnoll sergeants
  5 necrophages
  A scorpion (D:6)
  11 wights
  A dream sheep simulacrum (Lair:3)
  4 howler monkeys
  3 bombardier beetles
  A centaur zombie (D:8)
  A jelly (D:8)
  A hound (D:6)
  27 orc priests
  Jessica (D:3)
  7 iguanas
  A sleepcap (D:4)
  28 orc wizards
  2 killer bee zombies (D:8)
  A howler monkey zombie (D:8)
  27 gnolls
  9 adders
  3 shadow imps
  15 white imps
  A dart slug (D:1)
  A ribbon worm (D:2)
  68 orcs
  2 ball pythons (D:2)
  3 endoplasms
  2 giant cockroaches (D:1)
  8 goblins
  2 hobgoblins
  5 jackals (D:1)
  2 quokkas (D:3)
  7 bats
  7 frilled lizards
  16 kobolds
  5 rats
719 creatures vanquished.

Vanquished Creatures (others)
  An orc wizard (Orc:2)
  6 foxfires (Swamp:1)
7 creatures vanquished.

Grand Total: 726 creatures vanquished

Notes
Turn   | Place    | Note
-------+----------+-------------------------------------------
     0 | D:1      | Peloso the Minotaur Fighter began the quest for the Orb.
     0 | D:1      | Reached XP level 1. HP: 19/19 MP: 0/0
   163 | D:1      | Gained mutation: You are agile. (Dex +4, Str/Int -1)
                  | [potion of mutation]
   163 | D:1      | Gained mutation: Your magical capacity is low. (-10% MP)
                  | [potion of mutation]
   163 | D:1      | Gained mutation: You are robust. (+10% HP) [potion of
                  | mutation]
   195 | D:1      | Reached XP level 2. HP: 24/29 MP: 0/0
  1243 | D:2      | Reached XP level 3. HP: 36/36 MP: 1/1
  1337 | D:2      | Found a faded altar of an unknown god.
  1495 | D:2      | You fall into a shaft and drop 2 floors!
  1522 | D:4      | Reached XP level 4. HP: 40/44 MP: 2/2
  1541 | D:4      | Reached skill level 1 in Dodging
  1651 | D:3      | Reached XP level 5. HP: 51/51 MP: 3/3
  1883 | D:3      | Noticed Jessica
  1885 | D:3      | Killed Jessica
  2156 | D:2      | Reached skill level 5 in Fighting
  3225 | D:4      | Reached XP level 6. HP: 55/61 MP: 4/4
  3380 | D:4      | Reached skill level 5 in Long Blades
  3380 | D:4      | Reached skill level 5 in Armour
  3530 | D:4      | Reached skill level 1 in Stealth
  3905 | D:5      | Entered Level 5 of the Dungeon
  3943 | D:5      | Identified the ring "Rilim" {rC++ rCorr}
  3990 | D:5      | Got the Exposition on Freezing and the Geodesic
  4095 | D:5      | Reached XP level 7. HP: 36/67 MP: 5/5
  4344 | D:5      | Reached skill level 5 in Shields
  4525 | D:5      | Identified a scroll of acquirement
  4640 | D:6      | Found a staircase to the Ecumenical Temple.
  4660 | Temple   | Entered the Ecumenical Temple
  4668 | Temple   | Became a worshipper of Warmaster Okawaru
  4900 | D:6      | Found a glowing golden altar of the Shining One.
  4900 | D:6      | Found a faded altar of an unknown god.
  4908 | D:6      | Found a basalt altar of Yredelemnul.
  4910 | D:6      | Found a shadowy altar of Dithmenos.
  4912 | D:6      | Found a faded altar of an unknown god.
  4969 | D:6      | Reached XP level 8. HP: 76/77 MP: 6/6
  5701 | D:6      | Noticed a troll
  5716 | D:6      | Killed a troll
  5716 | D:6      | Reached * piety under Okawaru
  6232 | D:7      | Identified the +0 leather armour of the Everdark {Harm +Inv
                  | Int+3 Stlth+}
  6259 | D:7      | Reached XP level 9. HP: 82/86 MP: 7/7
  6394 | D:7      | Noticed Jeremiah
  6430 | D:7      | Killed Jeremiah
  6430 | D:7      | Reached ** piety under Okawaru
  6858 | D:7      | Reached skill level 10 in Long Blades
  7092 | D:7      | Noticed Joseph
  7107 | D:7      | Killed Joseph
  7107 | D:7      | Reached *** piety under Okawaru
  7257 | D:7      | Found a hide-covered altar of Uskayaw.
  8309 | D:8      | Reached XP level 10. HP: 83/96 MP: 8/8
  8344 | D:8      | Reached **** piety under Okawaru
  8476 | D:8      | Reached skill level 10 in Armour
  8631 | D:8      | Found a staircase to the Lair.
  8643 | D:8      | Found a blossoming altar of Fedhas.
  9689 | D:9      | Found a glowing silver altar of Zin.
 10430 | D:9      | Reached ***** piety under Okawaru
 10538 | D:10     | Entered Level 10 of the Dungeon
 10540 | D:10     | Identified the +1 robe of Umejymn {rC+ Regen+}
 10867 | D:10     | Received a gift from Okawaru
 10868 | D:10     | Reached XP level 11. HP: 106/106 MP: 6/8
 11131 | D:10     | Noticed a two-headed ogre
 11139 | D:10     | Killed a two-headed ogre
 11644 | D:11     | Noticed Grum
 11671 | D:11     | Killed Grum
 11719 | D:11     | Found a frozen archway.
 11767 | IceCv    | Entered an ice cave
 12058 | IceCv    | Noticed a death yak
 12074 | IceCv    | Killed a death yak
 12097 | IceCv    | Reached skill level 10 in Shields
 12098 | IceCv    | Acquired 408 gold pieces
 12242 | IceCv    | Acquired a +1 double sword of holy wrath
 12429 | IceCv    | Reached skill level 10 in Fighting
 12732 | IceCv    | Reached XP level 12. HP: 111/117 MP: 0/9
 12747 | IceCv    | Received a gift from Okawaru
 12926 | IceCv    | Noticed a death yak
 12926 | IceCv    | Noticed an ironbound frostheart
 12926 | IceCv    | Noticed an ironbound frostheart
 12926 | IceCv    | Noticed a death yak
 12926 | IceCv    | Noticed a death yak
 12934 | IceCv    | Killed a death yak
 12946 | IceCv    | Killed a death yak
 12956 | IceCv    | Killed an ironbound frostheart
 12956 | IceCv    | Reached ****** piety under Okawaru
 12964 | IceCv    | Killed an ironbound frostheart
 12970 | IceCv    | Killed a death yak
 12974 | IceCv    | Reached skill level 15 in Long Blades
 13511 | IceCv    | Acquired 763 gold pieces
 13544 | D:11     | Noticed Fannar
 13563 | D:11     | Killed Fannar
 13563 | D:11     | Received a gift from Okawaru
 13749 | D:11     | Noticed a two-headed ogre
 13755 | D:11     | Killed a two-headed ogre
 13958 | D:11     | Noticed a two-headed ogre
 13962 | D:11     | Killed a two-headed ogre
 14308 | Lair:1   | Entered Level 1 of the Lair of Beasts
 15278 | Lair:1   | Received a gift from Okawaru
 15394 | Lair:1   | Reached XP level 13. HP: 129/129 MP: 8/10
 16598 | Lair:2   | Noticed Maggie
 16607 | Lair:2   | Killed Maggie
 16667 | Lair:2   | Found a hole to the Spider Nest.
 16970 | Lair:3   | Found a runed translucent gate.
 16970 | Lair:3   | Found a runed translucent gate.
 16970 | Lair:3   | Found a runed translucent gate.
 17010 | Lair:3   | Noticed Tomate's ghost (journeyman TeHu)
 17097 | Lair:3   | Received a gift from Okawaru
 17422 | Lair:3   | Noticed Josephine
 17438 | Lair:3   | Killed Josephine
 18073 | Lair:3   | Found a staircase to the Swamp.
 18073 | Lair:3   | Noticed an eleionoma
 18083 | Lair:3   | Killed an eleionoma
 18083 | Lair:3   | Received a gift from Okawaru
 19041 | D:12     | Noticed Nessos
 19060 | D:12     | Killed Nessos
 19543 | D:12     | Found a staircase to the Orcish Mines.
 19552 | Orc:1    | Entered Level 1 of the Orcish Mines
 19912 | Orc:2    | Entered Level 2 of the Orcish Mines
 19927 | Orc:2    | Received a gift from Okawaru
 20203 | Orc:2    | Found a staircase to the Elven Halls.
 20481 | Orc:2    | Found a runed translucent door.
 20487 | Orc:2    | Noticed ripuliukko's ghost (journeyman GrEE)
 20539 | Orc:2    | Found Lystash's Book Shoppe.
 20953 | Orc:1    | Reached XP level 14. HP: 133/141 MP: 3/11
 21232 | Orc:2    | Noticed an orc warlord
 21350 | Orc:1    | Killed an orc warlord
 21350 | Orc:1    | Received a gift from Okawaru
 21733 | Orc:2    | Found Zasewn's Antique Armour Shoppe.
 21734 | Orc:2    | Found Axocoec's Antique Weapon Emporium.
 21736 | Orc:2    | Found Kaopnyo's General Store.
 21736 | Orc:2    | Found Egakhlit's Jewellery Shoppe.
 21752 | Orc:2    | Bought 3 scrolls of brand weapon for 427 gold pieces
 21752 | Orc:2    | Bought a scroll of revelation for 112 gold pieces
 21991 | Orc:2    | Killed ripuliukko's ghost
 22901 | Lair:4   | Found a staircase to the Slime Pits.
 23752 | Lair:4   | Received a gift from Okawaru
 23808 | Lair:4   | Noticed Sonja
 23819 | Lair:4   | Killed Sonja
 23820 | Lair:4   | Reached skill level 15 in Shields
 24207 | Lair:5   | Entered Level 5 of the Lair of Beasts
 25048 | Lair:5   | Received a gift from Okawaru
 25388 | Lair:5   | Reached skill level 15 in Armour
 25646 | Lair:5   | Reached XP level 15. HP: 112/152 MP: 9/12
 26595 | Lair:2   | Received a gift from Okawaru
 26747 | Lair:3   | Killed Tomate's ghost
 26766 | Lair:3   | Reached skill level 15 in Fighting
 28178 | D:13     | Reached skill level 1 in Evocations
 28592 | D:13     | Found Tekk's Weapon Emporium.
 28870 | D:14     | Received a gift from Okawaru
 29241 | D:14     | Found a gate to the Vaults.
 29770 | D:15     | Entered Level 15 of the Dungeon
 29812 | D:15     | Found a staircase to the Depths.
 30241 | D:15     | Identified the +4 shortbow of Impatience {freeze, ^Drain
                  | Will+ rCorr Str+4}
 30252 | D:15     | Found an ornate altar of the Wu Jian Council.
 30767 | D:15     | Received a gift from Okawaru
 31238 | Swamp:1  | Entered Level 1 of the Swamp
 31269 | Swamp:1  | Noticed a tentacled monstrosity
 31291 | Swamp:1  | Killed a tentacled monstrosity
 31295 | Swamp:1  | Identified the +4 glaive "Iliblewkeu" {freeze, Will+}
 31517 | Swamp:1  | Noticed Mlioglotl
 31543 | Swamp:1  | Killed Mlioglotl
 31549 | Swamp:1  | HP: 3/157 [spriggan druid/angry trees (10)]
 32000 | Swamp:1  | HP: 1/157 [spriggan druid/angry trees (10)]
 32002 | Swamp:1  | Killed from afar by a spriggan druid

Illustrated notes

Levels and vault maps discovered:
D:1:      dpeg_arrival_round_a, layout_basic, chequers_serial_rivers_large_b
D:2:      layout_basic, shapermc_ecumenical_altar_petra, serial_bayou_pond_d,
          hangedman_decor_lopped
D:3:      layout_basic, nicolae_vehumet_altar_sigil, serial_shops,
          nicolae_shop_tiny_real_fake_doors, uniq_jessica
D:4:      layout_rooms
D:5:      layout_basic
D:6:      layout_basic, chequers_temple_overflow_minitemple,
          minmay_temple_entry_mini_moons, kennysheep_generic_room_14
D:7:      layout_layer_cave, overflow_temple_1_default, uniq_joseph,
          uniq_jeremiah
D:8:      layout_basic, fedhas_altar_decomposition, due_lair_maze_entry_diamond,
          kennysheep_generic_room_9
D:9:      layout_roguey, mainiacjoe_overflow_boulevard
D:10:     layout_basic
D:11:     layout_basic, portal_ice_cave_entry_imps, uniq_grum, uniq_fannar
D:12:     layout_roguey, orc_0_dummy, uniq_nessos
D:13:     layout_rooms, serial_shops, nicolae_lakefront_shop, minivault_23
D:14:     layout_stronghold, david_vaults_1
D:15:     hangedman_depths_entry_civil_slaughter, layout_cave_pods,
          nicolae_wu_jian_wuxing_cycle
Temple:   nicolae_temple_bog_church
Lair:1:   layout_long_grid
Lair:2:   layout_cave_pods, dummy_spider_entry, minmay_lindwurm_lava,
          infiniplex_staircase_pool_2, grunt_megastairs_2, uniq_maggie
Lair:3:   layout_cave_pods, alex1729_swamp_entry_worm_eleionoma,
          gammafunk_ghost_icy, wad_woods_road_02, uniq_josephine
Lair:4:   layout_roguey, slime_entry_1, dreamdust_mushroom_princess, uniq_sonja
Lair:5:   guppyfry_lair_end_dragon, layout_hall_layers,
          hangedman_lair_tendril_chambers
Swamp:1:  cheibrodos_swamp_monstrosity, layout_basic_swamp,
          evilmike_swamp_ruin_rubble_1, uniq_mlioglotl
Orc:1:    layout_caves, nicolae_orc_quarried_blocks
Orc:2:    st_orc_congregation, layout_diamond_mine, basic_altar,
          ebering_ghost_reflecting_pool, serial_shops, shop,
          regret_index_minedec_devilstone

Skill      XL: |  1  2  3  4  5  6  7  8  9 10 11 12 13 14 15 |
---------------+----------------------------------------------+-----
Shields        | 4 5 6 8 11 12 13 16 18 | 18.1
Armour         | 4 5 6 7 9 11 12 14 15 16 | 16.1
Fighting       | 4 5 6 7 9 10 12 13 14 15 | 15.7
Long Blades    | 3 4 5 6 9 11 12 14 16 17 18 | 18.8
Dodging        | 1 2 3 4 |  4.5
Stealth        | 1 2 |  2.4
Evocations     | 1 |  1.1
Invocations    | |  0.4

Action                     |  1- 3 |  4- 6 |  7- 9 | 10-12 | 13-15 || total
---------------------------+-------+-------+-------+-------+-------++-------
  Melee: Long sword        |    71 |   121 |   248 |   414 |       ||   854
         Headbutt          |    11 |    26 |    60 |   170 |   287 ||   554
         Double sword      |       |       |       |   231 |  1151 ||  1382
         Spear             |       |       |       |       |     6 ||     6
 Invoke: Heroism           |       |       |       |     2 |     6 ||     8
  Evoke: Wand              |       |       |     1 |       |     9 ||    10
    Use: Potion            |     1 |     3 |     1 |     1 |     5 ||    11
         Scroll            |       |       |     8 |     8 |    18 ||    34
 Armour: Scale mail        |    49 |     3 |       |       |       ||    52
         Chain mail        |       |   102 |   168 |   329 |       ||   599
         Crystal plate arm |       |       |       |    64 |   885 ||   949
  Dodge: Dodged            |    38 |    51 |    85 |   173 |   223 ||   570
  Block: Buckler           |    26 |    39 |    70 |    49 |       ||   184
         Kite shield       |       |       |       |   392 |  1180 ||  1572
